 Dungeon Crawl Stone Soup version 0.25-a0-413-g3b4b6a4ccc (webtiles) character file.

Game seed: 16358287021102301572, levelgen mode: deterministic

4731 Caramio the Cleaver (level 10, -4/64 HPs)
             Began as a Gargoyle Fighter on Jan 14, 2020.
             Killed by divine providence
             ... invoked by a meliai
              (14 damage)
             ... on level 9 of the Dungeon.
             The game lasted 00:08:19 (8303 turns).

Caramio the Cleaver (Gargoyle Fighter)              Turns: 8303, Time: 00:08:20

Health: -4/64      AC: 26    Str: 22    XL:     10   Next: 46%
Magic:  10/10      EV:  5    Int: 10    God:
Gold:   366        SH: 10    Dex:  9    Spells: 9/9 levels left

rFire    . . .     SeeInvis .   Y - +2 war axe (drain)
rCold    . . .     Gourm    .   c - +0 shield
rNeg     + . .     Faith    .   k - +0 plate armour
rPois    ∞         Spirit   .   m - +0 helmet
rElec    +         Reflect  .   u - +0 cloak
rCorr    .         Harm     .   g - +2 pair of gloves
MR       .....                  (no boots)
Stlth    ..........             (no amulet)
HPRegen  0.20/turn              (no ring)
MPRegen  0.12/turn              (no ring)

@: marked
A: negative energy resistance 1, electricity resistance, unbreathing,
petrification resistance, rot immunity, AC +7
a: no special abilities


You were on level 9 of the Dungeon.
You were not hungry.

You visited 2 branches of the dungeon, and saw 10 of its levels.

You collected 366 gold pieces.


Innate Abilities, Weirdness & Mutations

You are resistant to torment.
Your stone body is resilient. (AC +7)
You are immune to poison.
You resist negative energy. (rN+)
You are resistant to electric shocks. (rElec)
You can survive without breathing.
You are immune to petrification.
You are immune to rotting.


   Skills:
 - Level 8.0 Fighting
 - Level 10.0 Axes
 - Level 7.0 Armour
 - Level 1.1 Dodging
 + Level 7.2 Shields


You had 9 spell levels left.
You didn't know any spells.
Your spell library was empty.

Inventory:

Hand Weapons
 l - a +0 morningstar
 Y - a +2 war axe of draining (weapon)
Missiles
 i - 5 javelins (quivered)
Armour
 c - a +0 shield (worn)
 g - a +2 pair of gloves (worn)
 k - a +0 plate armour (worn)
 m - a +0 helmet (worn)
 u - a +0 cloak (worn)
Wands
 b - a wand of paralysis (5)
Scrolls
 a - 3 scrolls of identify
 p - a scroll of teleportation
Potions
 d - 5 potions of might
 f - 2 potions of agility
 h - 2 potions of heal wounds
 j - 2 potions of haste
 o - a potion of cancellation
 q - a potion of mutation
Comestibles
 e - 17 rations
 n - 3 chunks of flesh

Dungeon Overview and Level Annotations

Branches:
Dungeon (9/15)             Temple (1/1) D:7             Orc (0/2) D:9
   Lair: D:8-11

Altars:
Ashenzari
Cheibriados
Dithmenos
Elyvilon
Fedhas
Gozag
Hepliaklqana
Kikubaaqudgha
Makhleb
Nemelex Xobeh
Okawaru
Qazlal
Ru
Sif Muna
Trog
Uskayaw
Vehumet
Wu Jian
Xom
Yredelemnul
Zin
The Shining One


Message History

You hear a shout! x5; You hear a bark!
You hear a screech!
You hear an angry buzzing noise.
You slash the meliai!
The meliai is heavily wounded.
You hear an angry buzzing noise.
You hear two shouts!
You hear an angry buzzing noise.
The meliai completely misses you. You block the meliai's attack. x2
The meliai completely misses you.
You slash the meliai!
The meliai is severely wounded.
The meliai hits you but does no damage.
The meliai stings you but does no damage.
The meliai barely misses you. You block the meliai's attack.
You barely miss the meliai.
The meliai is severely wounded.
The meliai calls down the wrath of its god upon you.
Something smites you!
The meliai calls down the wrath of its god upon you.
Something smites you!
You die...

....[......+..............#.#
...........#####..#########.#
..###.###..#####............#
..# #.####.....#.############
.## #.#........#.#
.####.#...#....#.#
..?...#........#.#
....###........#.#
..............##@#
.........####+##y# .........#


yy# .........# ..a# #........# ....# #........# .....# #........# ......#
...............#.# ......... You could see 3 meliai and a worker ant.

Vanquished Creatures
  Grinder (D:6)
  Sigmund (D:6)
  A wyvern (D:8)
  2 steam dragons
  A hungry ghost (D:8)
  A warg (D:8)
  3 orc warriors
  2 ice beasts (D:8)
  A sky beast (D:5)
  2 black bears
  A necrophage (D:5)
  3 ogres
  6 centaurs
  A big kobold (D:8)
  4 bullfrogs
  Blork the orc (D:6)
  A wyvern zombie (D:7)
  2 scorpions (D:8)
  6 killer bees
  A centaur zombie (D:7)
  4 crimson imps
  3 hounds
  A bullfrog zombie (D:5)
  A jelly (D:9)
  9 orc wizards
  2 bullfrog skeletons
  5 orc priests
  2 iguanas
  9 worker ants
  A hound zombie (D:6)
  A hound skeleton (D:7)
  9 adders
  A howler monkey skeleton (D:4)
  3 shadow imps
  An ooze (D:1)
  3 adder skeletons
  2 adder zombies
  3 worms
  3 dart slugs
  4 leopard geckos
  37 orcs
  6 giant cockroaches
  3 goblins
  5 hobgoblins
  6 jackals
  7 kobolds
  3 quokkas
  A ball python (D:1)
  9 bats
  8 frilled lizards
  A jackal zombie (D:6)
  A quokka zombie (D:7)
  6 rats
201 creatures vanquished.

Vanquished Creatures (others)
  A worker ant (D:7)
1 creature vanquished.

Grand Total: 202 creatures vanquished

Notes
Turn   | Place    | Note
-------+----------+-------------------------------------------
     0 | D:1      | Caramio the Gargoyle Fighter began the quest for the Orb.
     0 | D:1      | Reached XP level 1. HP: 14/14 MP: 1/1
     0 | D:1      | 0 ||| counter = 24
   107 | D:1      | Reached skill level 2 in Axes
   121 | D:1      | Reached XP level 2. HP: 16/19 MP: 2/2
   168 | D:1      | 168 ||| UPGRADING to pair of gloves.
   195 | D:1      | 195 ||| SWAPPING to glowing hand axe.
   401 | D:1      | Reached skill level 3 in Axes
   574 | D:1      | Reached XP level 3. HP: 21/23 MP: 3/3
   606 | D:1      | 606 ||| DROPPING cursed -2 club.
   849 | D:1      | 849 ||| Stepping ~*~*~tactically~*~*~ (hiding).
   850 | D:1      | 850 ||| Stepping ~*~*~tactically~*~*~ (hiding).
   856 | D:1      | 856 ||| Waiting for ranged monster.
   857 | D:1      | 857 ||| Waiting for ranged monster.
   858 | D:1      | 858 ||| Waiting for ranged monster.
   859 | D:1      | 859 ||| Waiting for ranged monster.
   876 | D:1      | 876 ||| READING 2 scrolls labeled LAT NIV KOE.
   877 | D:1      | 877 ||| READING scroll of enchant armour.
   877 | D:1      | 877 ||| ENCHANTING +0 pair of gloves.
   937 | D:2      | 937 ||| Stepping ~*~*~tactically~*~*~ (stealth).
   938 | D:2      | 938 ||| Stepping ~*~*~tactically~*~*~ (stealth).
   940 | D:2      | 940 ||| Stepping ~*~*~tactically~*~*~ (stealth).
   942 | D:2      | 942 ||| Stepping ~*~*~tactically~*~*~ (stealth).
   977 | D:2      | 977 ||| Stepping ~*~*~tactically~*~*~ (stealth).
   980 | D:2      | 980 ||| Stepping ~*~*~tactically~*~*~ (stealth).
   982 | D:2      | 982 ||| Stepping ~*~*~tactically~*~*~ (stealth).
   998 | D:2      | 998 ||| Stepping ~*~*~tactically~*~*~ (stealth).
   999 | D:2      | 999 ||| Stepping ~*~*~tactically~*~*~ (stealth).
  1027 | D:2      | 1027 ||| Stepping ~*~*~tactically~*~*~ (stealth).
  1028 | D:2      | 1028 ||| Stepping ~*~*~tactically~*~*~ (stealth).
  1034 | D:2      | 1034 ||| Stepping ~*~*~tactically~*~*~ (stealth).
  1037 | D:2      | 1037 ||| Stepping ~*~*~tactically~*~*~ (stealth).
  1052 | D:2      | 1052 ||| UPGRADING to helmet.
  1070 | D:2      | 1070 ||| Stepping ~*~*~tactically~*~*~ (stealth).
  1073 | D:2      | 1073 ||| Stepping ~*~*~tactically~*~*~ (hiding).
  1074 | D:2      | 1074 ||| Waiting for ranged monster.
  1075 | D:2      | 1075 ||| Waiting for ranged monster.
  1079 | D:2      | 1079 ||| Waiting for ranged monster.
  1080 | D:2      | 1080 ||| Waiting for ranged monster.
  1175 | D:2      | Reached XP level 4. HP: 27/28 MP: 4/4
  1244 | D:2      | 1244 ||| UPGRADING to chain mail.
  1254 | D:2      | 1254 ||| DROPPING +0 scale mail.
  1327 | D:2      | 1327 ||| DROPPING +0 club.
  1337 | D:2      | Reached skill level 4 in Axes
  1791 | D:2      | 1791 ||| READING scroll labeled SOMUH KUUHY.
  1792 | D:2      | 1792 ||| SWAPPING to +0 war axe.
  1793 | D:2      | 1793 ||| DROPPING -1 hand axe.
  1794 | D:2      | 1794 ||| READING 3 scrolls labeled SYNITOKHLAPP.
  1795 | D:2      | 1795 ||| READING scroll labeled VYLUXI APNAGU.
  1796 | D:2      | 1796 ||| DRINKING 2 golden potions.
  1797 | D:2      | 1797 ||| DRINKING 2 inky potions.
  1798 | D:2      | 1798 ||| READING 2 scrolls of identify.
  1798 | D:2      | 1798 ||| IDENTIFYING small garnet ring
  1799 | D:2      | 1799 ||| DROPPING ring of poison resistance.
  1800 | D:2      | 1800 ||| READING scroll of identify.
  1800 | D:2      | 1800 ||| IDENTIFYING ring of poison resistance
  1801 | D:2      | 1801 ||| DROPPING ring of poison resistance.
  1842 | D:3      | 1842 ||| Stepping ~*~*~tactically~*~*~ (hiding).
  1843 | D:3      | 1843 ||| Waiting for ranged monster.
  1844 | D:3      | 1844 ||| Waiting for ranged monster.
  1845 | D:3      | 1845 ||| Waiting for ranged monster.
  1846 | D:3      | 1846 ||| Waiting for ranged monster.
  1851 | D:3      | 1851 ||| Waiting for ranged monster.
  1901 | D:3      | 1901 ||| DROPPING whip.
  1924 | D:3      | 1924 ||| Stepping ~*~*~tactically~*~*~ (stealth).
  1929 | D:3      | 1929 ||| Stepping ~*~*~tactically~*~*~ (stealth).
  1936 | D:3      | 1936 ||| Stepping ~*~*~tactically~*~*~ (stealth).
  1937 | D:3      | 1937 ||| Stepping ~*~*~tactically~*~*~ (stealth).
  1970 | D:3      | 1970 ||| Stepping ~*~*~tactically~*~*~ (stealth).
  2027 | D:3      | 2027 ||| Stepping ~*~*~tactically~*~*~ (hiding).
  2028 | D:3      | 2028 ||| Stepping ~*~*~tactically~*~*~ (hiding).
  2029 | D:3      | 2029 ||| Stepping ~*~*~tactically~*~*~ (hiding).
  2030 | D:3      | 2030 ||| Waiting for ranged monster.
  2031 | D:3      | 2031 ||| Waiting for ranged monster.
  2032 | D:3      | 2032 ||| Waiting for ranged monster.
  2046 | D:3      | Reached XP level 5. HP: 31/32 MP: 5/5
  2055 | D:3      | 2055 ||| UPGRADING to +0 plate armour.
  2069 | D:3      | 2069 ||| UPGRADING to +0 plate armour.
  2074 | D:3      | 2074 ||| DROPPING +0 chain mail.
  2102 | D:3      | 2102 ||| UPGRADING to cloak.
  2152 | D:3      | Noticed a centaur
  2153 | D:3      | 2153 ||| Stepping ~*~*~tactically~*~*~ (hiding).
  2154 | D:3      | 2154 ||| Stepping ~*~*~tactically~*~*~ (hiding).
  2168 | D:3      | Killed a centaur
  2168 | D:3      | Reached skill level 5 in Axes
  2382 | D:3      | 2382 ||| READING scroll labeled WERESE ZEUSM.
  2383 | D:3      | 2383 ||| READING scroll labeled EBBAGIRITZ.
  2384 | D:3      | 2384 ||| READING scroll labeled JIVENO UBLY.
  2385 | D:3      | 2385 ||| READING scroll labeled YCAOGE IGUGO.
  2390 | D:3      | 2390 ||| READING scroll labeled UNINLY KUCU.
  2391 | D:3      | 2391 ||| DRINKING 2 sedimented yellow potions.
  2392 | D:3      | 2392 ||| READING 4 scrolls of identify.
  2392 | D:3      | 2392 ||| IDENTIFYING cyan potion
  2393 | D:3      | 2393 ||| READING 3 scrolls of identify.
  2393 | D:3      | 2393 ||| IDENTIFYING ruby potion
  2394 | D:3      | 2394 ||| READING 2 scrolls of identify.
  2394 | D:3      | 2394 ||| IDENTIFYING amethyst potion
  2395 | D:3      | 2395 ||| DROPPING potion of invisibility.
  2396 | D:3      | 2396 ||| DROPPING potion of flight.
  2428 | D:4      | Reached XP level 6. HP: 38/38 MP: 6/6
  2437 | D:4      | 2437 ||| Stepping ~*~*~tactically~*~*~ (stealth).
  2440 | D:4      | 2440 ||| DROPPING flail.
  2479 | D:4      | 2479 ||| FLEEEEING.
  2480 | D:4      | 2480 ||| FLEEEEING.
  2481 | D:4      | 2481 ||| FLEEEEING.
  2482 | D:4      | 2482 ||| FLEEEEING.
  2483 | D:4      | 2483 ||| FLEEEEING.
  2484 | D:4      | 2484 ||| FLEEEEING.
  2485 | D:4      | 2485 ||| FLEEEEING.
  2486 | D:4      | 2486 ||| FLEEEEING.
  2487 | D:4      | 2487 ||| FLEEEEING.
  2488 | D:4      | 2488 ||| FLEEEEING.
  2489 | D:4      | 2489 ||| FLEEEEING.
  2490 | D:4      | 2490 ||| FLEEEEING.
  2493 | D:4      | 2493 ||| STAIRDANCE
  2802 | D:4      | Found a stormy altar of Qazlal.
  2943 | D:4      | 2943 ||| Stepping ~*~*~tactically~*~*~ (stealth).
  3026 | D:4      | 3026 ||| FLEEEEING.
  3027 | D:4      | 3027 ||| FLEEEEING.
  3028 | D:4      | 3028 ||| FLEEEEING.
  3029 | D:4      | 3029 ||| FLEEEEING.
  3030 | D:4      | 3030 ||| FLEEEEING.
  3031 | D:4      | 3031 ||| FLEEEEING.
  3032 | D:4      | 3032 ||| FLEEEEING.
  3033 | D:4      | 3033 ||| FLEEEEING.
  3034 | D:4      | 3034 ||| FLEEEEING.
  3035 | D:4      | 3035 ||| FLEEEEING.
  3036 | D:4      | 3036 ||| FLEEEEING.
  3037 | D:4      | 3037 ||| FLEEEEING.
  3038 | D:4      | 3038 ||| FLEEEEING.
  3039 | D:4      | 3039 ||| FLEEEEING.
  3040 | D:4      | 3040 ||| FLEEEEING.
  3041 | D:4      | 3041 ||| FLEEEEING.
  3042 | D:4      | 3042 ||| FLEEEEING.
  3043 | D:4      | 3043 ||| FLEEEEING.
  3044 | D:4      | 3044 ||| FLEEEEING.
  3045 | D:4      | 3045 ||| FLEEEEING.
  3046 | D:4      | 3046 ||| FLEEEEING.
  3047 | D:4      | 3047 ||| FLEEEEING.
  3048 | D:4      | 3048 ||| FLEEEEING.
  3049 | D:4      | 3049 ||| FLEEEEING.
  3050 | D:4      | 3050 ||| FLEEEEING.
  3051 | D:4      | 3051 ||| FLEEEEING.
  3052 | D:4      | 3052 ||| FLEEEEING.
  3053 | D:4      | 3053 ||| FLEEEEING.
  3054 | D:4      | 3054 ||| FLEEEEING.
  3055 | D:4      | 3055 ||| FLEEEEING.
  3056 | D:4      | 3056 ||| FLEEEEING.
  3057 | D:4      | 3057 ||| FLEEEEING.
  3058 | D:4      | 3058 ||| FLEEEEING.
  3059 | D:4      | 3059 ||| FLEEEEING.
  3060 | D:4      | 3060 ||| FLEEEEING.
  3061 | D:4      | 3061 ||| FLEEEEING.
  3062 | D:4      | 3062 ||| FLEEEEING.
  3063 | D:4      | 3063 ||| FLEEEEING.
  3064 | D:4      | 3064 ||| FLEEEEING.
  3065 | D:4      | 3065 ||| FLEEEEING.
  3066 | D:4      | 3066 ||| FLEEEEING.
  3067 | D:4      | 3067 ||| FLEEEEING.
  3068 | D:4      | 3068 ||| FLEEEEING.
  3069 | D:4      | 3069 ||| STILL FLEEEEING.
  3070 | D:4      | 3070 ||| FLEEEEING.
  3071 | D:4      | 3071 ||| FLEEEEING.
  3072 | D:4      | 3072 ||| FLEEEEING.
  3073 | D:4      | 3073 ||| FLEEEEING.
  3074 | D:4      | 3074 ||| FLEEEEING.
  3075 | D:4      | 3075 ||| FLEEEEING.
  3076 | D:4      | 3076 ||| FLEEEEING.
  3077 | D:4      | 3077 ||| STILL FLEEEEING.
  3078 | D:4      | 3078 ||| FLEEEEING.
  3079 | D:4      | 3079 ||| FLEEEEING.
  3081 | D:4      | 3081 ||| FLEEEEING.
  3082 | D:4      | 3082 ||| FLEEEEING.
  3083 | D:4      | 3083 ||| STAIRDANCE
  3085 | D:3      | 3085 ||| FLEEEEING.
  3086 | D:3      | 3086 ||| FLEEEEING.
  3087 | D:3      | 3087 ||| FLEEEEING.
  3088 | D:3      | 3088 ||| FLEEEEING.
  3089 | D:3      | 3089 ||| FLEEEEING.
  3090 | D:3      | 3090 ||| STILL FLEEEEING.
  3091 | D:3      | 3091 ||| STILL FLEEEEING.
  3092 | D:3      | 3092 ||| STILL FLEEEEING.
  3093 | D:3      | 3093 ||| STAIRDANCE
  3154 | D:2      | 3154 ||| READING scroll labeled GEEKUN BAUDOC.
  3175 | D:4      | Reached XP level 7. HP: 41/43 MP: 7/7
  3257 | D:4      | Reached skill level 6 in Axes
  3560 | D:4      | 3560 ||| DRINKING 2 viscous cyan potions.
  3561 | D:4      | 3561 ||| READING 2 scrolls of identify.
  3561 | D:4      | 3561 ||| IDENTIFYING murky ruby potion
  3562 | D:4      | 3562 ||| DROPPING potion of brilliance.
  3576 | D:5      | Entered Level 5 of the Dungeon
  3697 | D:5      | 3697 ||| Stepping ~*~*~tactically~*~*~ (hiding).
  3698 | D:5      | 3698 ||| Waiting for ranged monster.
  3699 | D:5      | 3699 ||| Waiting for ranged monster.
  3702 | D:5      | 3702 ||| Waiting for ranged monster.
  3703 | D:5      | 3703 ||| Waiting for ranged monster.
  3704 | D:5      | 3704 ||| Waiting for ranged monster.
  3705 | D:5      | 3705 ||| Waiting for ranged monster.
  3938 | D:5      | Reached skill level 7 in Axes
  4185 | D:5      | 4185 ||| READING scroll labeled XITRAKL TUIMM.
  4186 | D:5      | 4186 ||| READING 2 scrolls of identify.
  4186 | D:5      | 4186 ||| IDENTIFYING tiny peridot amulet
  4187 | D:5      | 4187 ||| DROPPING amulet of harm.
  4245 | D:6      | Reached XP level 8. HP: 48/48 MP: 8/8
  4305 | D:6      | 4305 ||| READING scroll of enchant weapon.
  4305 | D:6      | 4305 ||| ENCHANTING +1 war axe of draining.
  4374 | D:6      | Found a bloodstained altar of Trog.
  4377 | D:6      | Found a shimmering altar of Xom.
  4377 | D:6      | Found a blossoming altar of Fedhas.
  4428 | D:6      | 4428 ||| FLEEEEING.
  4429 | D:6      | 4429 ||| FLEEEEING.
  4430 | D:6      | 4430 ||| FLEEEEING.
  4431 | D:6      | 4431 ||| STILL FLEEEEING.
  4432 | D:6      | 4432 ||| STILL FLEEEEING.
  4433 | D:6      | 4433 ||| STILL FLEEEEING.
  4434 | D:6      | 4434 ||| STILL FLEEEEING.
  4435 | D:6      | Noticed Sigmund
  4436 | D:6      | 4436 ||| Stepping ~*~*~tactically~*~*~ (stealth).
  4438 | D:6      | 4438 ||| Stepping ~*~*~tactically~*~*~ (stealth).
  4439 | D:6      | 4439 ||| Stepping ~*~*~tactically~*~*~ (stealth).
  4446 | D:6      | Paralysed by something for 6 turns
  4452 | D:6      | 4452 ||| DRINKING potion of curing.
  4452 | D:6      | 4452 ||| (to cure confusion)
  4457 | D:6      | Paralysed by something for 7 turns
  4463 | D:6      | Killed Sigmund
  4467 | D:6      | 4467 ||| Stepping ~*~*~tactically~*~*~ (hiding).
  4490 | D:6      | Reached skill level 1 in Dodging
  4728 | D:6      | Noticed Blork the orc
  4732 | D:6      | Killed Blork the orc
  4733 | D:6      | Noticed Grinder
  4749 | D:6      | 4749 ||| FLEEEEING.
  4754 | D:6      | Killed Grinder
  4754 | D:6      | Reached skill level 8 in Axes
  4755 | D:6      | 4755 ||| STILL FLEEEEING.
  4756 | D:6      | 4756 ||| STILL FLEEEEING.
  4757 | D:6      | 4757 ||| STILL FLEEEEING.
  4758 | D:6      | 4758 ||| STILL FLEEEEING.
  4811 | D:6      | Reached XP level 9. HP: 45/55 MP: 9/9
  4908 | D:6      | Reached skill level 6 in Fighting
  4973 | D:6      | Found a basalt altar of Yredelemnul.
  4974 | D:6      | 4974 ||| Stepping ~*~*~tactically~*~*~ (hiding).
  4975 | D:6      | 4975 ||| Waiting for ranged monster.
  4980 | D:6      | 4980 ||| Waiting for ranged monster.
  4981 | D:6      | 4981 ||| Waiting for ranged monster.
  4982 | D:6      | 4982 ||| Waiting for ranged monster.
  4983 | D:6      | 4983 ||| Waiting for ranged monster.
  5169 | D:6      | 5169 ||| READING scroll labeled RYRGHO ROUTT.
  5170 | D:6      | 5170 ||| READING 2 scrolls of identify.
  5170 | D:6      | 5170 ||| IDENTIFYING green potion
  5200 | D:7      | Reached skill level 6 in Shields
  5201 | D:7      | 5201 ||| FLEEEEING.
  5202 | D:7      | 5202 ||| STAIRDANCE
  5204 | D:6      | 5204 ||| FLEEEEING.
  5205 | D:6      | 5205 ||| FLEEEEING.
  5206 | D:6      | 5206 ||| FLEEEEING.
  5207 | D:6      | 5207 ||| FLEEEEING.
  5208 | D:6      | 5208 ||| FLEEEEING.
  5209 | D:6      | 5209 ||| FLEEEEING.
  5210 | D:6      | 5210 ||| FLEEEEING.
  5211 | D:6      | 5211 ||| FLEEEEING.
  5212 | D:6      | 5212 ||| FLEEEEING.
  5213 | D:6      | 5213 ||| FLEEEEING.
  5214 | D:6      | 5214 ||| FLEEEEING.
  5215 | D:6      | 5215 ||| FLEEEEING.
  5216 | D:6      | 5216 ||| FLEEEEING.
  5217 | D:6      | 5217 ||| FLEEEEING.
  5218 | D:6      | 5218 ||| FLEEEEING.
  5219 | D:6      | 5219 ||| FLEEEEING.
  5220 | D:6      | 5220 ||| FLEEEEING.
  5221 | D:6      | 5221 ||| FLEEEEING.
  5227 | D:6      | 5227 ||| STAIRDANCE
  5309 | D:7      | 5309 ||| STAIRDANCE
  5334 | D:7      | Found a glowing golden altar of the Shining One.
  5380 | D:7      | Reached skill level 6 in Armour
  5438 | D:7      | 5438 ||| Stepping ~*~*~tactically~*~*~ (stealth).
  5485 | D:7      | 5485 ||| Stepping ~*~*~tactically~*~*~ (stealth).
  5486 | D:7      | 5486 ||| Stepping ~*~*~tactically~*~*~ (stealth).
  5768 | D:7      | Found a staircase to the Ecumenical Temple.
  5769 | D:7      | 5769 ||| Stepping ~*~*~tactically~*~*~ (hiding).
  5770 | D:7      | 5770 ||| Stepping ~*~*~tactically~*~*~ (hiding).
  5771 | D:7      | 5771 ||| Stepping ~*~*~tactically~*~*~ (hiding).
  5831 | D:7      | 5831 ||| Stepping ~*~*~tactically~*~*~ (hiding).
  5832 | D:7      | 5832 ||| Waiting for ranged monster.
  5833 | D:7      | 5833 ||| Waiting for ranged monster.
  5834 | D:7      | 5834 ||| Waiting for ranged monster.
  5846 | Temple   | Entered the Ecumenical Temple
  5847 | Temple   | 5847 ||| Entered T.
  6219 | D:7      | 6219 ||| EATING 15 rations.
  6469 | D:8      | 6469 ||| STAIRDANCE
  6473 | D:7      | Reached skill level 9 in Axes
  6573 | D:8      | 6573 ||| FLEEEEING.
  6615 | D:8      | 6615 ||| READING scroll of enchant armour.
  6615 | D:8      | 6615 ||| ENCHANTING +1 pair of gloves.
  6627 | D:8      | 6627 ||| Stepping ~*~*~tactically~*~*~ (stealth).
  6628 | D:8      | 6628 ||| Stepping ~*~*~tactically~*~*~ (stealth).
  6629 | D:8      | 6629 ||| Stepping ~*~*~tactically~*~*~ (stealth).
  6663 | D:8      | 6663 ||| Stepping ~*~*~tactically~*~*~ (hiding).
  6664 | D:8      | 6664 ||| Stepping ~*~*~tactically~*~*~ (hiding).
  6665 | D:8      | 6665 ||| Waiting for ranged monster.
  6666 | D:8      | 6666 ||| Waiting for ranged monster.
  6667 | D:8      | 6667 ||| Waiting for ranged monster.
  6693 | D:8      | 6693 ||| Stepping ~*~*~tactically~*~*~ (stealth).
  6848 | D:8      | 6848 ||| Stepping ~*~*~tactically~*~*~ (stealth).
  6853 | D:8      | 6853 ||| Stepping ~*~*~tactically~*~*~ (stealth).
  6854 | D:8      | 6854 ||| Stepping ~*~*~tactically~*~*~ (stealth).
  6855 | D:8      | 6855 ||| Stepping ~*~*~tactically~*~*~ (stealth).
  6856 | D:8      | 6856 ||| Stepping ~*~*~tactically~*~*~ (stealth).
  6857 | D:8      | 6857 ||| Stepping ~*~*~tactically~*~*~ (stealth).
  6858 | D:8      | 6858 ||| Stepping ~*~*~tactically~*~*~ (stealth).
  6859 | D:8      | 6859 ||| Stepping ~*~*~tactically~*~*~ (stealth).
  6864 | D:8      | 6864 ||| Stepping ~*~*~tactically~*~*~ (stealth).
  6871 | D:8      | 6871 ||| Stepping ~*~*~tactically~*~*~ (stealth).
  6872 | D:8      | 6872 ||| Stepping ~*~*~tactically~*~*~ (stealth).
  6875 | D:8      | 6875 ||| Stepping ~*~*~tactically~*~*~ (hiding).
  6876 | D:8      | 6876 ||| Stepping ~*~*~tactically~*~*~ (hiding).
  6877 | D:8      | 6877 ||| Stepping ~*~*~tactically~*~*~ (hiding).
  6879 | D:8      | 6879 ||| Stepping ~*~*~tactically~*~*~ (hiding).
  7181 | D:8      | 7181 ||| Stepping ~*~*~tactically~*~*~ (stealth).
  7194 | D:8      | Reached XP level 10. HP: 62/63 MP: 10/10
  7279 | D:8      | 7279 ||| Stepping ~*~*~tactically~*~*~ (hiding).
  7280 | D:8      | 7280 ||| Stepping ~*~*~tactically~*~*~ (hiding).
  7415 | D:8      | 7415 ||| READING 4 scrolls of identify.
  7415 | D:8      | 7415 ||| IDENTIFYING twisted garnet ring
  7416 | D:8      | 7416 ||| DROPPING cursed ring of teleportation.
  7463 | D:9      | Found a staircase to the Orcish Mines.
  7464 | D:9      | 7464 ||| STAIRDANCE
  7473 | D:9      | 7473 ||| STAIRDANCE
  7487 | D:8      | 7487 ||| EATING 17 rations.
  7587 | D:9      | 7587 ||| STAIRDANCE
  7607 | D:9      | 7607 ||| STAIRDANCE
  7643 | D:9      | Reached skill level 10 in Axes
  7726 | D:9      | 7726 ||| FLEEEEING.
  7727 | D:9      | 7727 ||| FLEEEEING.
  7728 | D:9      | 7728 ||| STAIRDANCE
  7771 | D:9      | 7771 ||| STAIRDANCE
  7773 | D:8      | 7773 ||| FLEEEEING.
  7774 | D:8      | 7774 ||| FLEEEEING.
  7775 | D:8      | 7775 ||| FLEEEEING.
  7776 | D:8      | 7776 ||| FLEEEEING.
  7777 | D:8      | 7777 ||| FLEEEEING.
  7778 | D:8      | 7778 ||| FLEEEEING.
  7779 | D:8      | 7779 ||| FLEEEEING.
  7780 | D:8      | 7780 ||| FLEEEEING.
  7785 | D:8      | 7785 ||| STAIRDANCE
  7864 | D:9      | 7864 ||| Stepping ~*~*~tactically~*~*~ (hiding).
  7865 | D:9      | 7865 ||| Waiting for ranged monster.
  7866 | D:9      | 7866 ||| Waiting for ranged monster.
  7867 | D:9      | 7867 ||| Waiting for ranged monster.
  7868 | D:9      | 7868 ||| Waiting for ranged monster.
  7869 | D:9      | 7869 ||| Waiting for ranged monster.
  7918 | D:9      | 7918 ||| Stepping ~*~*~tactically~*~*~ (hiding).
  7919 | D:9      | 7919 ||| Waiting for ranged monster.
  7920 | D:9      | 7920 ||| Waiting for ranged monster.
  7921 | D:9      | 7921 ||| Waiting for ranged monster.
  7926 | D:9      | 7926 ||| Stepping ~*~*~tactically~*~*~ (cloud).
  7927 | D:9      | 7927 ||| Waiting for ranged monster.
  8001 | D:9      | 8001 ||| Stepping ~*~*~tactically~*~*~ (stealth).
  8027 | D:9      | 8027 ||| READING scroll of remove curse.
  8090 | D:9      | Found a burning altar of Makhleb.
  8091 | D:9      | 8091 ||| Stepping ~*~*~tactically~*~*~ (hiding).
  8092 | D:9      | 8092 ||| Waiting for ranged monster.
  8093 | D:9      | 8093 ||| Stepping ~*~*~tactically~*~*~ (stealth).
  8094 | D:9      | 8094 ||| Stepping ~*~*~tactically~*~*~ (stealth).
  8095 | D:9      | 8095 ||| Waiting for ranged monster.
  8096 | D:9      | 8096 ||| Waiting for ranged monster.
  8303 | D:9      | HP: 10/64 [meliai/divine providence (12)]
  8303 | D:9      | Killed from afar by a meliai

Levels and vault maps discovered:
D:1:      dpeg_arrival_stone_temple_mockup, layout_basic
D:2:      layout_loops_ring, minmay_fractal_squares_5
D:3:      minmay_evil_eye, layout_basic
D:4:      layout_basic, grunt_qazlal_sundering, first_ration
D:5:      layout_loops_ring
D:6:      layout_loops_ring, yredelemnul_altar_generic,
          grunt_temple_overflow_open, uniq_grinder, uniq_blork_the_orc,
          uniq_sigmund
D:7:      layout_basic, nicolae_overflow_crystal_walls,
          minmay_temple_entry_proselytizer, nrook_mini_backslash
D:8:      layout_cave_pods
D:9:      layout_basic, david_orc_3, serial_shops, shop,
          david_defended_altar_orc
Temple:   eino_temple_rhombus

Skill      XL: |  1  2  3  4  5  6  7  8  9 10 |
---------------+-------------------------------+-----
Axes           | 2 3 4 5 7 8 9 10 | 10.0
Fighting       | 4 5 7 8 |  8.0
Shields        | 4 5 7 |  7.2
Armour         | 4 5 7 |  7.0
Dodging        | 1 |  1.1

Action                   |  1- 3 |  4- 6 |  7- 9 | 10-12 || total
-------------------------+-------+-------+-------+-------++-------
Melee: War axe           |    17 |   145 |   369 |   109 ||   640
       Hand axe          |   120 |    38 |       |       ||   158
Throw: Javelin           |       |       |    65 |     6 ||    71
  Use: Scroll            |     2 |    14 |     7 |     2 ||    25
       Potion            |       |     3 |     2 |       ||     5
  Eat: Chunk             |     1 |     7 |    10 |     7 ||    25
       Ration            |       |       |     1 |       ||     1
Armor: Scale mail        |    71 |     1 |       |       ||    72
       Chain mail        |       |    45 |       |       ||    45
       Plate armour      |       |    68 |   284 |   115 ||   467
       Skin              |       |     2 |       |       ||     2
Dodge: Dodged            |    45 |    36 |    63 |    27 ||   171
Block: Shield            |    70 |    93 |   174 |    70 ||   407

Table legend:
 A = Non-vault XP
 B = Vault XP
 C = Vault XP percentage of total XP
 D = Non-vault monster count
 E = Vault monster count
 F = Vault count percentage of total count
                 A         B        C        D         E       F
            +---------+---------+-------+---------+---------+-------
      Total |    5541 |    1218 |  18.0 |     177 |      25 |  12.4
            +---------+---------+-------+---------+---------+-------
        D:1 |      48 |       0 |   0.0 |      22 |       0 |   0.0
        D:2 |      51 |       9 |  15.0 |      16 |       5 |  23.8
        D:3 |     158 |      26 |  14.1 |      15 |       5 |  25.0
        D:4 |     365 |       0 |   0.0 |      15 |       0 |   0.0
        D:5 |     488 |       0 |   0.0 |      11 |       0 |   0.0
        D:6 |     918 |     614 |  40.1 |      24 |       3 |  11.1
        D:7 |     975 |      43 |   4.2 |      27 |       1 |   3.6
        D:8 |    1629 |     321 |  16.5 |      36 |       6 |  14.3
        D:9 |     909 |     205 |  18.4 |      11 |       5 |  31.2
            +---------+---------+-------+---------+---------+-------
